 Dungeon Crawl Stone Soup version 0.25-a0-156-g0c4bda3fdf (webtiles) character file.

Game seed: 901939588711256981, levelgen mode: deterministic

21 Esekla the Conjurer (level 2, 0/19 HPs)
             Began as a Demonspawn Wanderer on Nov 20, 2019.
             Succumbed to an adder's poison
             ... on level 2 of the Dungeon.
             The game lasted 00:05:31 (670 turns).

Esekla the Conjurer (Demonspawn Wanderer)            Turns: 670, Time: 00:05:31

Health: 0/19       AC:  2    Str: 12    XL:     2   Next: 62%
Magic:  4/5        EV: 11    Int: 15    God:
Gold:   19         SH:  0    Dex: 10    Spells: 0/5 levels left

rFire    . . .     SeeInvis .   f - +0 dagger
rCold    . . .     Gourm    .   (no shield)
rNeg     . . .     Faith    .   d - +0 robe
rPois    .         Spirit   .   (no helmet)
rElec    .         Reflect  .   (no cloak)
rCorr    .         Harm     .   (no gloves)
MR       .....                  (no boots)
Stlth    +++.......             (no amulet)
HPRegen  0.06/turn              c - ring of stealth
MPRegen  0.09/turn              (no ring)

@: lethally poisoned (0 -> -15)
A: talons 1
a: no special abilities


You were on level 2 of the Dungeon.
You were not hungry.

You visited 1 branch of the dungeon, and saw 2 of its levels.

You collected 19 gold pieces.

Inventory:

Hand Weapons
 f - a +0 dagger (weapon)
Missiles
 e - 22 poisoned darts (quivered)
Armour
 d - a +0 robe (worn)
Jewellery
 c - a ring of stealth (left hand)
Scrolls
 a - a scroll of enchant weapon {unknown}
 b - a scroll of teleportation {unknown}
Comestibles
 g - a ration


   Skills:
 + Level 1.9 Stealth
 + Level 2.3 Spellcasting
 + Level 2.4 Conjurations
   Level 1.0 Hexes
   Level 1.1 Necromancy
 + Level 1.8 Translocations
 * Level 0.8 Poison Magic


You couldn't memorise any spells.
You knew the following spells:

 Your Spells              Type           Power        Failure   Level  Hunger
a - Sting                 Conj/Pois      #...         11%         1    #......
b - Blink                 Tloc           N/A          16%         2    ###....
g - Shroud of Golubria    Chrm/Tloc      #.....       22%         2    ###....

Your spell library contained the following spells:

 Spells                   Type           Power        Failure   Level  Hunger
 Throw Flame              Conj/Fire      #.....       19%         2    ###....
 Throw Frost              Conj/Ice       #.....       19%         2    ###....
 Gell's Gravitas          Tloc           #.........   30%         3    ###....
 Lesser Beckoning         Tloc           #.........   30%         3    ###....
 Teleport Other           Tloc           #.......     30%         3    ###....
 Stone Arrow              Conj/Erth      #.....       36%         3    ###....
 Passage of Golubria      Tloc           N/A          69%         4    #####..


Dungeon Overview and Level Annotations

Branches:
Dungeon (2/15)

Altars:


Innate Abilities, Weirdness & Mutations

You have sharp toenails.


Message History

Aim: a goblin, wielding a +0 dagger The sting hits the adder.
The adder is poisoned.
The adder is moderately wounded.
You feel sick. The adder closely misses you.
You hit the adder.
The adder is heavily wounded.
You feel sick. The adder bites you. The adder bites you.
You hit the adder but do no damage.
The adder is severely wounded.
You feel sick. The adder bites you.
You closely miss the adder. Your kick misses the adder.
The adder is severely wounded.
* * * LOW HITPOINT WARNING * * *
You feel sick. The adder bites you.
* * * LOW HITPOINT WARNING * * *
You are more poisoned.
The adder poisons you!
You aren't carrying any potions.
You die...

.. #........ #.
#...>.... #. #........
#. #........
##.###.#######........
...(...........>......
######.#.####.<.......
...#.####.........
#####.#..@....#....
#.....#S##..).# ###
#.#.##..#g####.....
.......[..# .####
#.#.......# .#
#######.# .# #..# ##$#
.#


You could see an adder.

Vanquished Creatures
  A dart slug (D:1)
  A leopard gecko (D:1)
  3 bats (D:1)
  A giant cockroach (D:1)
  2 goblins (D:1)
  3 hobgoblins (D:1)
  2 kobolds (D:1)
  3 rats (D:1)
16 creatures vanquished.

Notes
Turn   | Place    | Note
-------+----------+-------------------------------------------
     0 | D:1      | Esekla the Demonspawn Wanderer began the quest for the Orb.
     0 | D:1      | Esekla set off with the following items: a +0 club, a +0
                  | robe, a +0 dagger, a ration; and the following spell
                  | memorised: Sting; and the following spells available to
                  | memorise: Blink, Throw Flame, Throw Frost, Shroud of
                  | Golubria, Gell's Gravitas, Lesser Beckoning, Teleport
                  | Other, Stone Arrow, Passage of Golubria
     0 | D:1      | Reached XP level 1. HP: 13/13 MP: 3/3
   169 | D:1      | Gained mutation: You have sharp toenails. [demonic
                  | ancestry]
   169 | D:1      | Reached XP level 2. HP: 19/19 MP: 0/5
   180 | D:1      | Learned a level 2 spell: Blink
   183 | D:1      | Learned a level 2 spell: Shroud of Golubria
   670 | D:2      | Succumbed to an adder's poison

Levels and vault maps discovered:
D:1:      mrwooster_arrival_statue, layout_basic, minmay_indecisive_spiral
D:2:      layout_basic, nicolae_overflow_crystal_walls, uniq_crazy_yiuf_cottage

Action                   || total
-------------------------++-------
Melee: Dagger            ||    52
       Kick              ||     3
 Cast: Sting             ||    11
 Stab: Sleeping          ||     1
Armor: Robe              ||    18
Dodge: Dodged            ||    37

Table legend:
 A = Non-vault XP
 B = Vault XP
 C = Vault XP percentage of total XP
 D = Non-vault monster count
 E = Vault monster count
 F = Vault count percentage of total count
                 A         B        C        D         E       F
            +---------+---------+-------+---------+---------+-------
      Total |      22 |       8 |  26.7 |      12 |       4 |  25.0
            +---------+---------+-------+---------+---------+-------
        D:1 |      22 |       8 |  26.7 |      12 |       4 |  25.0
            +---------+---------+-------+---------+---------+-------
